 Dungeon Crawl Stone Soup version 0.30-a0-883-g5ad918d77d (webtiles) character file.

Game seed: 12582977377696899634

1866 Pimp the Covered (level 8, -7/73 HPs)
             Began as an Armataur Fighter on Mar 17, 2023.
             Was a Priest of Okawaru.
             Mangled by a shadow (10 damage)
             ... on level 6 of the Dungeon.
             The game lasted 00:21:09 (5588 turns).

Pimp the Covered (Armataur Fighter)                 Turns: 5588, Time: 00:21:09

Health: -7/73      AC: 16    Str: 23    XL:     8   Next: 90%
Magic:  8/8        EV:  5    Int: 10    God:    Okawaru [***...]
Gold:   678        SH: 10    Dex:  9    Spells: 7/7 levels left

rFire   . . .      SeeInvis .    o - +1 falchion (holy)
rCold   . . .      Faith    .    c - +0 buckler
rNeg    . . .      Spirit   .    f - +0 plate armour
rPois   .          Reflect  +    h - +0 helmet
rElec   .          Roll     +    p - +0 cloak
rCorr   .                        m - +1 pair of gloves
Will    .....                    (no barding) Stlth
                                 e - amulet of reflection
HPRegen 0.32/turn                (no ring)
MPRegen 0.11/turn                (no ring)

@: no status effects
A: large, rugged brown scales 3, deformed body, armoured tail, roll, long
tongue, awkward tongue
a: Renounce Religion, Heroism


You were on level 6 of the Dungeon.
You worshipped Okawaru.
Okawaru was most pleased with you.
You visited 1 branch of the dungeon, and saw 6 of its levels.

You collected 925 gold pieces.
You spent 247 gold pieces at shops.

Inventory:

Hand Weapons
 a - a +0 long sword
 j - the +1 spear of the Imperium {spect, Fragile Str+3 SInv}
   (You found it on level 3 of the Dungeon)

   Str:       It affects your strength (+3).
   SInv:      It lets you see invisible.
   Fragile:   It will be destroyed if unequipped.
 o - a +1 falchion of holy wrath (weapon)
Armour
 b - a +0 scale mail
 c - a +0 buckler (worn)
 f - a +0 plate armour (worn)
 h - a +0 helmet (worn)
 m - a +1 pair of gloves (worn)
 p - a +0 cloak (worn)
Jewellery
 e - an amulet of reflection (around neck)
 l - a ring of positive energy
 s - a ring of flight
 t - a +6 ring of intelligence
Wands
 v - a wand of paralysis (7)
Scrolls
 q - 3 scrolls of enchant weapon
 r - 3 scrolls of identify
 u - a scroll of fog
Potions
 d - a potion of degeneration
 g - a potion of attraction
 i - a potion of invisibility
 n - a potion of brilliance


   Skills:
 + Level 5.4 Fighting
 + Level 4.9 Long Blades
 + Level 7.2 Armour
 + Level 3.7 Dodging
 + Level 6.5 Shields


You had 7 spell levels left.
You didn't know any spells.
Your spell library contained the following spells:

 Spells                   Type           Power      Damage    Failure   Level
 Apportation              Tloc           0%         N/A       100%        1
 Necrotise                Necr           0%         1d4       100%        1
 Sublimation of Blood     Necr           0%         N/A       100%        2
 Portal Projectile        Hex/Tloc       0%         N/A       100%        3
 Ice Form                 Ice/Tmut       0%         N/A       100%        4
 Petrify                  Tmut/Erth      0%         N/A       100%        4
 Irradiate                Conj/Tmut      0%         3d11      100%        5
 Summon Small Mammal      Summ           Unusable   N/A       N/A         1

Dungeon Overview and Level Annotations

Branches:
Dungeon (6/15)             Temple (0/1) D:4

Altars:
Gozag
Hepliaklqana
Okawaru

Shops:
D:4 ?


Innate Abilities, Weirdness & Mutations

You are completely covered in rugged brown scales. (AC +3, +7% HP)
Armour fits poorly on your strangely shaped body.
You have a long armoured tail.
You roll when moving toward enemies. (Rampage)
Your long tongue fully drains potion bottles. (2x potion effects)
Your tongue gives you trouble enunciating. (1.5x scroll delay)


Message History

The orc is heavily wounded.
You block the orc's attack.
You hit the orc but do no damage.
Your tail-slap misses the orc.
The orc is heavily wounded.
The orc hits you but does no damage.
You hit the orc.
Your tail-slap misses the orc.
The orc is severely wounded.
You block the orc's attack. The orc hits you but does no damage.
You slash the orc!
You kill the orc!
Okawaru accepts your kill.
You hit something but do no damage.
The shadow strikes at you from the darkness!
* * * LOW HITPOINT WARNING * * *
Reactivating autopickup.
You barely miss the shadow. The shadow hits you.
* * * LOW HITPOINT WARNING * * *
The shadow hits you.
You slurp down every last drop of the puce potion!
It was a potion of magic.
Magic courses through your body.
The shadow slips into darkness.
The shadow flickers and vanishes!
Deactivating autopickup; reactivate with Ctrl-A.
Unknown command.
Okay, then.
You hit something.
You hear the brisk hiss of a very distant avalanche of sand.
The shadow strikes at you from the darkness!
* * * LOW HITPOINT WARNING * * *
Reactivating autopickup.
You closely miss the shadow.
The shadow is lightly damaged.
You block the shadow's attack.
Your +1 falchion of holy wrath softly glows with a divine radiance!
o - a +1 falchion of holy wrath (weapon)
You hit the shadow but do no damage.
You tail-slap the shadow, but do no damage.
The shadow is lightly damaged.
You block the shadow's attack. The shadow hits you!
You die...

##.#......†.....
#..#....†<......
#......(####....
###......#......
#...#.........
#####...##........
#....#............
####.................
##...@.)#.####........
#..).W.#### ##..#....
##.#......# ..#
#..#)###...... ..#
#....# #..### ##
#..##.))# ...# #.
......# .... ........#
... #.......... ...


You could see a shadow.

Vanquished Creatures
  Pikel (D:4)
  Grinder (D:5)
  Prince Ribbit (D:5)
  Eustachio (D:5)
  A sky beast (D:6)
  A black bear (D:6)
  A centaur (D:5)
  A lemure (D:4)
  A scorpion (D:5)
  A howler monkey (D:4)
  2 hounds (D:5)
  2 sleepcaps (D:5)
  3 orc priests
  2 iguanas
  An orc wizard (D:5)
  7 gnolls (D:4)
  4 adders
  2 dart slugs
  3 worms
  22 orcs
  2 endoplasms
  4 giant cockroaches
  6 goblins
  8 hobgoblins
  4 quokkas
  6 ball pythons
  6 bats
  3 frilled lizards
  6 kobolds
  7 rats
110 creatures vanquished.

Vanquished Creatures (others)
  An orc wizard (D:5)
1 creature vanquished.

Grand Total: 111 creatures vanquished

Notes
Turn   | Place    | Note
-------+----------+-------------------------------------------
     0 | D:1      | Pimp the Armataur Fighter began the quest for the Orb.
     0 | D:1      | Reached XP level 1. HP: 19/19 MP: 1/1
   146 | D:1      | Reached XP level 2. HP: 22/26 MP: 2/2
   604 | D:1      | Found a faded altar of an unknown god.
   833 | D:2      | Reached XP level 3. HP: 25/33 MP: 3/3
   895 | D:2      | Reached skill level 4 in Armour
  1002 | D:2      | Found an opulent altar of Gozag.
  1711 | D:3      | Identified a scroll of acquirement
  1711 | D:3      | Acquired 623 gold pieces
  1767 | D:3      | Reached XP level 4. HP: 40/40 MP: 4/4
  1891 | D:3      | Reached skill level 1 in Dodging
  2091 | D:3      | Identified the +1 spear of the Imperium {spect, Fragile
                  | Str+3 SInv}
  2532 | D:4      | Found an iron altar of Okawaru.
  2570 | D:4      | Became a worshipper of Warmaster Okawaru
  2695 | D:4      | Reached XP level 5. HP: 38/48 MP: 5/5
  2881 | D:4      | Found Yhou's Magic Scroll Emporium.
  2889 | D:4      | Bought a scroll of enchant weapon for 82 gold pieces
  2889 | D:4      | Bought 2 scrolls of enchant weapon for 165 gold pieces
  3164 | D:4      | Found a staircase to the Ecumenical Temple.
  3569 | D:5      | Entered Level 5 of the Dungeon
  3569 | D:5      | Noticed Eustachio
  3571 | D:5      | Noticed a lemure
  3573 | D:5      | Noticed a lemure
  3573 | D:5      | Noticed a lemure
  3723 | D:5      | Reached XP level 6. HP: 54/54 MP: 6/6
  3726 | D:5      | Noticed Pikel
  3895 | D:4      | Killed Pikel
  3895 | D:4      | Reached * piety under Okawaru
  3896 | D:4      | Reached skill level 5 in Armour
  3896 | D:4      | Reached skill level 5 in Shields
  3896 | D:4      | Reached XP level 7. HP: 48/63 MP: 7/7
  4056 | D:5      | Noticed Grinder
  4060 | D:5      | Paralysed by Grinder for 4 turns
  4069 | D:5      | Paralysed by Grinder for 5 turns
  4082 | D:5      | Killed Grinder
  4082 | D:5      | Reached ** piety under Okawaru
  4083 | D:5      | Reached skill level 6 in Armour
  4097 | D:5      | Reached XP level 8. HP: 26/71 MP: 8/8
  4342 | D:5      | Killed Eustachio
  4356 | D:5      | Found a hazy altar of Hepliaklqana.
  4557 | D:5      | Noticed Prince Ribbit
  4593 | D:5      | Killed Prince Ribbit
  4594 | D:5      | Reached skill level 5 in Fighting
  4780 | D:5      | Identified the +0 ring mail "Ipniho" {rPois rF- Int+4 SInv}
  5057 | D:5      | Got Geumenou's Spellbook of Fetching Shapes
  5312 | D:5      | Reached *** piety under Okawaru
  5328 | D:5      | Reached skill level 7 in Armour
  5583 | D:6      | HP: 2/73 [something (12)]
  5588 | D:6      | Mangled by a shadow

Illustrated notes

Levels and vault maps discovered:
D:1:      dpeg_arrival_chambers_temple_mockup, layout_rooms,
          basic_ecumenical_altar
D:2:      layout_loops_ring, basic_altar
D:3:      layout_loops_ring, chequers_serial_rivers_small_3
D:4:      layout_basic, okawaru_gym_becter, minmay_temple_entry_purple_smoke,
          serial_shops, nicolae_shop_trees
D:5:      layout_gridville, mainiacjoe_overflow_surrounded_room, uniq_eustachio,
          uniq_prince_ribbit1, uniq_grinder, uniq_pikel
D:6:      layout_cave_pools, nicolae_ossuary_entry_catacombs,
          hangedman_abyss_or_decor_passed, uniq_duvessa, uniq_edmund

Skill      XL: |  1  2  3  4  5  6  7  8 |
---------------+-------------------------+-----
Long Blades    | 2 3 4 |  4.9
Fighting       | 3 4 5 |  5.4
Armour         | 4 5 6 7 |  7.2
Dodging        | 1 2 3 |  3.7
Shields        | 4 5 6 |  6.5

Action                     |  1- 3 |  4- 6 |  7- 9 || total
---------------------------+-------+-------+-------++-------
  Melee: Long sword        |   146 |   151 |   195 ||   492
         Tailslap          |    14 |    27 |    32 ||    73
         Falchion          |       |       |     1 ||     1
    Use: Scroll            |     8 |     5 |     4 ||    17
         Potion            |       |     3 |     5 ||     8
   Stab: Invisible         |       |       |     3 ||     3
 Armour: Scale mail        |    90 |     4 |       ||    94
         Plate armour      |       |   127 |   160 ||   287
  Dodge: Dodged            |    65 |    41 |    47 ||   153
  Block: Buckler           |    29 |    57 |   134 ||   220
         Reflection        |       |     1 |     2 ||     3

Table legend: (Time is in decaauts)
 A = Elapsed time spent in this place.
 B = Non-inter-level travel time spent in this place.
 C = Inter-level travel time spent in this place.
 D = Time resting spent in this place.
 E = Time spent auto-exploring this place.
 F = Levels seen in this place.
 G = Mean time per level.
                   A        B        C        D        E       F      G
               +--------+--------+--------+--------+--------+-----+--------+
         Total |   5734 |   5331 |    403 |   1542 |   2500 |   6 |  955.7 |
       Dungeon |   5734 |   5331 |    403 |   1542 |   2500 |   6 |  955.7 |
               +--------+--------+--------+--------+--------+-----+--------+

Top non-repeatable levels by time:
     D:4: 1719 daAuts
     D:5: 1378 daAuts
     D:2: 954 daAuts
     D:1: 799 daAuts
     D:3: 754 daAuts
     D:6: 128 daAuts
